 Dungeon Crawl Stone Soup version 0.32-a0-834-geaf45d8e21 (webtiles) character file.

Game seed: 8543516146396868336

249 mopl the Sneak (level 6, 0/28 HPs)
             Began as a Vine Stalker Enchanter on Mar 25, 2024.
             Killed from afar by an orc wizard (3 damage)
             ... with a puff of flame
             ... on level 3 of the Dungeon.
             The game lasted 00:02:59 (1562 turns).

mopl the Sneak (Vine Stalker Enchanter)             Turns: 1562, Time: 00:03:00

Health: 0/28       AC:  4    Str: 11    XL:     6   Next: 12%
Magic:  0/12       EV: 11    Int: 17    God:
Gold:   99         SH:  0    Dex: 14    Spells: 4/12 levels left

rFire   . . .        a - +1 dagger
rCold   + . .        (no shield)
rNeg    . . .        b - +0 robe
rPois   .            (no helmet)
rElec   .            (no cloak)
rCorr   .            x - +0 pair of gloves
SInv    +            o - +0 pair of boots
Will    .....        (no amulet)
Stlth   +++          e - ring of protection from cold
HPRegen 1.04/turn    d - ring of see invisible
MPRegen 0.13/turn

%: guardian spirit
@: very slightly contaminated
A: fangs 2, regeneration 1, magic shield, antimagic bite, no potion heal 2
a: no special abilities


You were on level 3 of the Dungeon.
You visited 1 branch of the dungeon, and saw 3 of its levels.

You collected 99 gold pieces.

Inventory:

Hand Weapons
 a - a +1 dagger (weapon)
 n - a +0 rapier
Missiles
 i - 4 javelins
 s - 5 boomerangs
 u - 3 atropa-tipped darts
Armour
 b - a +0 robe (worn)
 o - a +0 pair of boots (worn)
 x - a +0 pair of gloves (worn)
Jewellery
 d - a ring of see invisible (right hand)
 e - a ring of protection from cold (left hand)
Scrolls
 f - a scroll of enchant weapon {unknown}
 h - a scroll of immolation {unknown}
 j - a scroll of torment {unknown}
 m - a scroll of noise {unknown}
 r - 3 scrolls of identify {unknown}
 w - a scroll of fear {unknown}
Potions
 c - 2 potions of invisibility
 g - 2 potions of might {unknown}
 k - a potion of mutation {unknown}
 l - a potion of degeneration {unknown}
 p - 2 potions of ambrosia {unknown}
 q - a potion of heal wounds {unknown}
 t - a potion of lignification {unknown}
 v - a potion of berserk rage {unknown}


   Skills:
 + Level 2.1 Short Blades
 - Level 1.5 Dodging
 * Level 5.4 Stealth
 * Level 3.7 Spellcasting
 * Level 4.4 Hexes


You had 4 spell levels left.
You knew the following spells:

 Your Spells              Type           Power      Damage    Failure   Level
b - Ensorcelled Hibernat  Hex/Ice        20%        N/A       10%         2
c - Confusing Touch       Hex            18%        N/A       8%          3
d - Tukima's Dance        Hex            18%        N/A       8%          3

Your spell library contained the following spells:

 Spells                   Type           Power      Damage    Failure   Level
 Dazzling Flash           Conj/Hex       20%        N/A       21%         3
 Starburst                Conj/Fire      1%         6d3       100%        6
 Maxwell's Capacitive Co  Air            1%         ∞         100%        8


Dungeon Overview and Level Annotations

Branches:
Dungeon (3/15)

Altars:
Vehumet


Innate Abilities, Weirdness & Mutations

You have extremely sharp teeth.
Your natural rate of healing is unusually fast.
When hurt, damage is shared between your health and your magic reserves.
Your bite disrupts and absorbs the magic of your enemies.
Potions cannot restore your health.


Message History

Aim: an orc wizard, wielding a +0 dagger and wearing a +0 robe (heavily wounded, slightly transparent, chance to affect: 44%)
You miscast Ensorcelled Hibernation.
Nothing appears to happen.
You hit the orc wizard.
You bite the orc wizard, but do no damage.
The orc wizard is moderately wounded.
The orc wizard points at you and mumbles some strange words.
The puff of flame hits you!
The orc wizard hits you with a +2 dagger of holy wrath.
You hit the orc wizard. Your bite misses the orc wizard.
The orc wizard is heavily wounded.
The orc wizard completely misses you.
The orc wizard points at you and mumbles some strange words.
The puff of flame hits you!
* * * LOW HITPOINT WARNING * * *
You hit the orc wizard but do no damage.
Your bite misses the orc wizard.
The orc wizard is heavily wounded.
The orc wizard hits you but does no damage.
The orc wizard barely misses you.
You closely miss the orc wizard. Your bite misses the orc wizard.
The orc wizard is heavily wounded.
The orc wizard hits you but does no damage.
The orc wizard hits you with a +2 dagger of holy wrath.
* * * LOW HITPOINT WARNING * * *
Unknown command.
The orc wizard hits you but does no damage.
The orc wizard attacks as it pursues you!
The orc wizard closely misses you.
The orc wizard gestures at you while chanting.
The puff of flame hits you!
* * * LOW HITPOINT WARNING * * *
Unknown command.
Okay, then.
You hit the orc wizard. You bite the orc wizard.
You kill the orc wizard!
You hit the orc wizard but do no damage.
The orc wizard is heavily wounded.
The orc wizard gestures at you while chanting.
The puff of flame hits you.
You die...

...#...#...#...#......
.# #...#.#...###.......
.#..#..#...#..#..#......
#...###..)..###...#.####
..#..#.....#..#....#
..#...#....)#...#...####
.....#.#...#.#......#...
....#...#.#...#.....#...
.......@o..†........#...
##############..#####...
##..## #... ##..###...
##..##... ##.##...
#^...## #.##.## #......


You could see an orc wizard.

Vanquished Creatures
  3 orc priests
  3 orc wizards
  2 adders
  3 dart slugs
  A ribbon worm (D:2)
  6 orcs
  5 ball pythons
  3 bats
  5 endoplasms
  4 giant cockroaches
  2 goblins
  4 hobgoblins (D:2)
  3 jackals (D:2)
  3 kobolds
  3 quokkas (D:1)
  A frilled lizard (D:2)
  5 rats
56 creatures vanquished.

Vanquished Creatures (others)
  A ball python (D:3)
1 creature vanquished.

Grand Total: 57 creatures vanquished

Notes
Turn   | Place    | Note
-------+----------+-------------------------------------------
     0 | D:1      | mopl the Vine Stalker Enchanter began the quest for the
                  | Orb.
     0 | D:1      | Reached XP level 1. HP: 9/9 MP: 4/4
   187 | D:1      | Reached skill level 1 in Short Blades
   207 | D:1      | Reached XP level 2. HP: 13/13 MP: 6/6
   287 | D:1      | Learned a level 2 spell: Ensorcelled Hibernation
   359 | D:1      | Reached skill level 4 in Stealth
   640 | D:2      | Reached XP level 3. HP: 9/16 MP: 4/8
   644 | D:2      | Learned a level 3 spell: Confusing Touch
   987 | D:2      | Found a radiant altar of Vehumet.
  1164 | D:2      | Reached XP level 4. HP: 18/21 MP: 3/9
  1173 | D:2      | Reached skill level 3 in Spellcasting
  1326 | D:2      | Learned a level 3 spell: Tukima's Dance
  1333 | D:3      | Reached skill level 4 in Hexes
  1333 | D:3      | Reached XP level 5. HP: 24/24 MP: 3/10
  1442 | D:3      | Reached skill level 5 in Stealth
  1453 | D:2      | Reached skill level 2 in Short Blades
  1536 | D:3      | Reached XP level 6. HP: 15/28 MP: 12/12
  1560 | D:3      | HP: 1/28 [orc wizard/puff of flame (6)]
  1562 | D:3      | Killed from afar by an orc wizard

Illustrated notes

Levels and vault maps discovered:
D:1:      scummos_arrival_gate, layout_loops_ring, hangedman_decor_opposing,
          minmay_tromino_v4_b
D:2:      layout_rooms, basic_altar, kennysheep_flooded_box
D:3:      layout_basic, okawaru_metal_pillars_3, minmay_splitting_lines

Skill      XL: |  1  2  3  4  5 |
---------------+----------------+-----
Short Blades   | 1 2 |  2.1
Stealth        | 4 5 |  5.4
Spellcasting   | 3 |  3.7
Hexes          | 4 |  4.4
Dodging        | |  1.5

Action                     |  1- 3 |  4- 6 || total
---------------------------+-------+-------++-------
  Melee: Dagger            |   139 |    88 ||   227
         Bite              |    26 |    21 ||    47
   Cast: Ensorcelled Hiber |       |     4 ||     4
   Stab: Sleeping          |     9 |     2 ||    11
 Armour: Robe              |    70 |   100 ||   170
  Dodge: Dodged            |    77 |    68 ||   145

Table legend: (Time is in decaauts)
 A = Elapsed time spent in this place.
 B = Non-inter-level travel time spent in this place.
 C = Inter-level travel time spent in this place.
 D = Time resting spent in this place.
 E = Time spent auto-exploring this place.
 F = Levels seen in this place.
 G = Mean time per level.
                   A        B        C        D        E       F      G
               +--------+--------+--------+--------+--------+-----+--------+
         Total |   1551 |   1515 |     36 |    149 |    831 |   3 |  517.0 |
       Dungeon |   1551 |   1515 |     36 |    149 |    831 |   3 |  517.0 |
               +--------+--------+--------+--------+--------+-----+--------+

Top non-repeatable levels by time:
     D:2: 777 daAuts
     D:1: 604 daAuts
     D:3: 170 daAuts
